 Dungeon Crawl Stone Soup version 0.30.0-29-ga12c61a403 (webtiles) character file.

Game seed: 7023246447319701057

5517 BiteMe the Thaumaturge (level 10, -4/65 HPs)
             Began as a Demonspawn Fire Elementalist on June 4, 2023.
             Was a Follower of Vehumet.
             Slain by a killer bee (5 damage)
             ... on level 8 of the Dungeon on June 5, 2023.
             The game lasted 01:55:24 (13366 turns).

BiteMe the Thaumaturge (DsFE)                      Turns: 13366, Time: 01:55:24

Health: -4/65      AC:  8    Str: 12    XL:     10   Next: 43%
Magic:  5/23       EV: 14    Int: 28    God:    Vehumet [*.....]
Gold:   252        SH:  0    Dex: 16    Spells: 12/27 levels left

rFire   + . .        B - +0 morningstar of Yzam {drain, Fragile Str+3 Int+4}
rCold   . . .        (no shield)
rNeg    . . .        V - +2 robe {rC+}
rPois   .            (no helmet)
rElec   .            X - +1 cloak
rCorr   .            (no gloves)
SInv    .            E - +0 pair of boots
Will    .....        r - amulet of the acrobat
Stlth   ++           s - ring of fire
HPRegen 1.10/turn    d - +6 ring of intelligence
MPRegen 0.18/turn

%: acrobat
@: lethally poisoned (-4 -> -6)
A: hooves 1, powered by pain 1, sharp scales 1, regeneration 1
a: Renounce Religion


You were on level 8 of the Dungeon.
You worshipped Vehumet.
Vehumet was aware of your devotion.
You visited 2 branches of the dungeon, and saw 9 of its levels.
You also visited: Sewer.

You collected 578 gold pieces.
You spent 326 gold pieces at shops.

Inventory:

Hand Weapons
 g - a +0 whip
 j - a +1 spear
 k - a +0 short sword
 o - a +0 hand axe
 B - the +0 morningstar of Yzam (weapon) {drain, Fragile Str+3 Int+4}
   (You bought it in a shop on level 2 of the Dungeon)

   Str:       It affects your strength (+3).
   Int:       It affects your intelligence (+4).
   Fragile:   It will be destroyed if unequipped.
 F - a +0 hand axe of flaming
 K - a +0 rapier
 O - a +0 long sword
 U - a +0 scimitar of flaming
 W - a +1 whip of venom
 Y - a +1 halberd of draining
Armour
 a - a +0 robe
 e - a scarf of resistance
 n - a +0 cloak
 E - a +0 pair of boots (worn)
 T - a +1 leather armour of fire resistance
 V - a +2 robe of cold resistance (worn)
 X - a +1 cloak (worn)
 Z - +0 steam dragon scales
Magical Staves
 D - a staff of earth
Jewellery
 d - a +6 ring of intelligence (right hand)
 r - an amulet of the acrobat (around neck)
 s - a ring of fire (left hand)
 C - a +4 ring of protection
 L - a ring of fire
Wands
 h - a wand of quicksilver (10)
 A - a wand of charming (3)
 J - a wand of roots (8)
 N - a wand of mindburst (32)
 Q - a wand of flame (15)
 R - a wand of polymorph (8)
Scrolls
 m - a scroll of fear
 p - 3 scrolls of teleportation
 u - 2 scrolls of poison
 w - 2 scrolls of immolation
 x - a scroll of silence {unknown}
 y - a scroll of blinking {unknown}
 z - a scroll of enchant weapon
 P - a scroll of magic mapping {unknown}
 S - a scroll of amnesia {unknown}
Potions
 b - a potion of magic
 c - a potion of lignification
 f - a potion of cancellation
 i - 3 potions of mutation
 q - 2 potions of berserk rage {unknown}
 t - 2 potions of heal wounds {unknown}
 v - 7 potions of flight
 G - a potion of ambrosia {unknown}
 H - 2 potions of might {unknown}
 I - a potion of brilliance {unknown}
 M - 2 potions of attraction {unknown}


   Skills:
 + Level 1.1 Fighting
 * Level 2.0 Maces & Flails
 + Level 0.7 Polearms
 * Level 2.3 Armour
 * Level 5.5 Dodging
 - Level 1.7 Stealth
 + Level 9.3 Spellcasting
 * Level 4.3 Conjurations
 + Level 1.0 Hexes
 * Level 8.2 Fire Magic
 + Level 1.3 Evocations


You had 12 spell levels left.
You knew the following spells:

 Your Spells              Type           Power      Damage    Failure   Level
a - Foxfire               Conj/Fire      100%       2x1d9     1%          1
b - Scorch                Fire           100%       2d9       1%          2
c - Inner Flame           Hex/Fire       55%        N/A       1%          3
d - Volatile Blastmotes   Fire/Tloc      100%       2d18      2%          3
e - Poisonous Vapours     Pois/Air       26%        N/A       6%          2
f - Flame Wave            Conj/Fire      64%        2d15      3%          4

Your spell library contained the following spells:

 Spells                   Type           Power      Damage    Failure   Level
 Magic Dart               Conj           100%       1d8       1%          1
 Sting                    Tmut/Pois      52%        1d5       4%          1
 Ensorcelled Hibernation  Hex/Ice        32%        N/A       5%          2
 Sublimation of Blood     Necr           13%        N/A       6%          2
 Wereblood                Tmut           13%        N/A       6%          2
 Spider Form              Tmut/Pois      13%        N/A       13%         3
 Anguish                  Hex/Necr       8%         N/A       34%         4
 Olgreb's Toxic Radiance  Pois           13%        N/A       38%         4
 Summon Hydra             Summ           6%         N/A       100%        7


Dungeon Overview and Level Annotations

Branches:
Dungeon (8/15)             Temple (1/1) D:6           Sewer (visited)
   Lair: D:8-11

Altars:
Ashenzari
Dithmenos
Fedhas
Hepliaklqana
Kikubaaqudgha
Nemelex Xobeh
Okawaru
Qazlal
Ru
Sif Muna
Trog
Uskayaw
Vehumet
Wu Jian

Shops:
D:2 (   D:5 (


Innate Abilities, Weirdness & Mutations

You have large cloven feet.
You sometimes gain a little power by taking damage.
You are partially covered in razor-sharp scales. (AC +1, Slay +1)
Your natural rate of healing is unusually fast.


Message History

You hear a shout!
A gnoll comes into view. It is wielding a +0 spear.
The killer bee stings you.
* * * LOW HITPOINT WARNING * * *
You are poisoned.
The killer bee poisons you!
The killer bee attacks as you move away!
The killer bee stings you.
* * * LOW HITPOINT WARNING * * *
You are lethally poisoned!
The killer bee poisons you!
* * * LOW HITPOINT WARNING * * *
You feel very sick. The killer bee completely misses you.
It was a potion of lignification.
You turn into a tree.
Your +1 cloak melds into your body.
Your +0 pair of boots melds into your body.
Your +2 robe of cold resistance melds into your body.
You feel less resistant to cold.
Your roots penetrate the ground.
* * * LOW HITPOINT WARNING * * *
You feel very sick.
The killer bee stings you but does no damage.
The killer bee stings you!
* * * LOW HITPOINT WARNING * * *
It was a potion of cancellation.
Your magical effects are unravelling.
You feel magically purged.
You feel less wooden.
Your +1 cloak unmelds from your body.
Your +0 pair of boots unmelds from your body.
Your +2 robe of cold resistance unmelds from your body.
You feel resistant to cold.
* * * LOW HITPOINT WARNING * * *
You feel very sick. The killer bee misses you. x2
It was a potion of mutation.
You feel extremely strange.
You begin to heal more quickly.
* * * LOW HITPOINT WARNING * * *
You feel sick. The killer bee stings you.
You die...

##.#c# #.# #.# .....#
#.# #.# # ##.### ###
#.############### ####
### #.#.............. #
#.######.#.#..#######.##
#### ##.......#.#..#
#.## ...+
#.########.#..# #.# ####
##########.#..# #.# #
#......@ygg)..# #.# ####
############.## #.# ...#
#.# #.# #### #..# #....
#..### #.. #.@ #$.


You could see a killer bee and 2 gnolls.

Vanquished Creatures
  Erica (D:8)
  The ghost of cheesebisquit the Tormented, a novice HONe of Kikubaaqudgha (D:6)
  Joseph (D:8)
  Maggie (D:8)
  A hornet (D:7)
  A wyvern (D:8)
  A wraith (D:6)
  5 yaks (D:8)
  Grum (D:8)
  A steam dragon (D:6)
  2 water moccasins
  A black bear (D:7)
  2 ogres
  3 wolves (D:8)
  3 centaurs
  A kobold brigand (D:8)
  Blork the orc (D:6)
  A phantom (D:6)
  2 bullfrogs
  A scorpion (D:5)
  3 killer bees (D:8)
  3 howler monkeys
  2 jellies
  A gnoll bouda (D:8)
  5 hounds
  2 orc priests
  Ijyb (D:4)
  3 iguanas
  4 orc wizards
  4 gnolls (D:4)
  3 river rats (Sewer)
  11 adders
  2 shadow imps (D:5)
  A white imp (D:6)
  An ufetubus (D:5)
  4 worms
  2 dart slugs (D:1)
  27 orcs
  9 bats
  8 endoplasms
  8 giant cockroaches
  3 goblins
  10 hobgoblins
  5 jackals
  4 quokkas
  16 ball pythons
  7 frilled lizards
  10 kobolds
  3 rats
193 creatures vanquished.

Vanquished Creatures (others)
  An orc wizard (D:5)
  345 foxfires
346 creatures vanquished.

Grand Total: 539 creatures vanquished

Notes
Turn   | Place    | Note
-------+----------+-------------------------------------------
     0 | D:1      | BiteMe the Demonspawn Fire Elementalist began the quest for
                  | the Orb.
     0 | D:1      | Reached XP level 1. HP: 13/13 MP: 3/3
   427 | D:1      | Gained mutation: You have large cloven feet. [demonic
                  | ancestry]
   427 | D:1      | Reached XP level 2. HP: 19/19 MP: 3/5
   692 | D:2      | Found Zowau's Weapon Shoppe.
   973 | D:1      | Learned a level 2 spell: Scorch
  1676 | D:1      | Reached XP level 3. HP: 24/24 MP: 4/6
  3277 | D:3      | Found a glowing drain.
  3292 | Sewer    | Entered a sewer
  3411 | Sewer    | Reached XP level 4. HP: 31/31 MP: 3/8
  4021 | Sewer    | Reached skill level 3 in Spellcasting
  4135 | Sewer    | Reached XP level 5. HP: 36/36 MP: 0/9
  5223 | D:3      | Reached XP level 6. HP: 42/42 MP: 8/11
  5331 | D:3      | Found a shadowy altar of Dithmenos.
  5772 | D:4      | Found an ornate altar of the Wu Jian Council.
  6002 | D:4      | Learned a level 3 spell: Inner Flame
  6006 | D:4      | Learned a level 3 spell: Volatile Blastmotes
  6311 | D:4      | Found a shimmering blue altar of Sif Muna.
  6891 | D:4      | Reached skill level 4 in Spellcasting
  6984 | D:4      | Noticed Ijyb
  7006 | D:4      | Killed Ijyb
  7155 | D:4      | Found a blossoming altar of Fedhas.
  7158 | D:4      | Found a stormy altar of Qazlal.
  7404 | D:2      | Bought the +0 morningstar of Yzam {drain, Fragile Str+3
                  | Int+4} for 326 gold pieces
  7577 | D:5      | Entered Level 5 of the Dungeon
  7962 | D:5      | Found Zoen's Weapon Shoppe.
  8031 | D:5      | Gained mutation: You sometimes gain a little power by
                  | taking damage. [demonic ancestry]
  8031 | D:5      | Reached XP level 7. HP: 47/47 MP: 7/14
  8096 | D:5      | Reached skill level 5 in Spellcasting
  9315 | D:5      | Found a sacrificial altar of Ru.
  9635 | D:6      | Found a runed translucent door.
  9643 | D:6      | Noticed cheesebisquit's ghost (novice HONe)
  9652 | D:6      | Reached skill level 5 in Fire Magic
  9652 | D:6      | Reached XP level 8. HP: 53/53 MP: 11/16
  9662 | D:6      | Reached skill level 6 in Spellcasting
  9670 | D:6      | Killed cheesebisquit's ghost
  9671 | D:6      | Reached skill level 1 in Hexes
  9673 | D:6      | Noticed Blork the orc
  9791 | D:6      | Reached skill level 7 in Spellcasting
  9905 | D:6      | Killed Blork the orc
 10530 | D:6      | Found a staircase to the Ecumenical Temple.
 10547 | D:6      | Reached skill level 1 in Evocations
 10547 | D:6      | Gained mutation: You are partially covered in razor-sharp
                  | scales. (AC +1, Slay +1) [demonic ancestry]
 10547 | D:6      | Reached XP level 9. HP: 48/58 MP: 10/20
 10617 | Temple   | Entered the Ecumenical Temple
 10646 | Temple   | Became a worshipper of Vehumet
 11070 | D:7      | Found a bloodstained altar of Trog.
 11164 | D:7      | Reached skill level 8 in Spellcasting
 11536 | D:7      | Found a sparkling altar of Nemelex Xobeh.
 11709 | D:7      | Reached skill level 5 in Dodging
 12059 | D:8      | Learned a level 2 spell: Poisonous Vapours
 12064 | D:8      | Learned a level 4 spell: Flame Wave
 12079 | D:8      | Reached skill level 1 in Fighting
 12084 | D:8      | Noticed Grum
 12099 | D:8      | Noticed Erica
 12101 | D:8      | Killed Grum
 12102 | D:8      | Reached skill level 1 in Maces & Flails
 12627 | D:8      | Reached skill level 9 in Spellcasting
 12780 | D:8      | Killed Erica
 12781 | D:8      | Reached skill level 1 in Armour
 12781 | D:8      | Reached XP level 10. HP: 53/65 MP: 17/23
 12974 | D:8      | Noticed Maggie
 12994 | D:8      | Killed Maggie
 13319 | D:8      | Noticed Joseph
 13342 | D:8      | Killed Joseph
 13342 | D:8      | Reached * piety under Vehumet
 13342 | D:8      | Offered knowledge of Magic Dart by Vehumet.
 13365 | D:8      | HP: 2/65 [poisoned by a killer bee]
 13366 | D:8      | Gained mutation: Your natural rate of healing is unusually
                  | fast. [potion of mutation]
 13366 | D:8      | Slain by a killer bee

Illustrated notes

Levels and vault maps discovered:
D:1:      eino_arrival_tree_alley, layout_loops_ring, minmay_misc_feat_columns,
          chequers_arboretum, hangedman_decor_push, minivault_5
D:2:      layout_basic, serial_shops, shop
D:3:      layout_basic, nicolae_dithmenos_shadow_blocks, serial_shops,
          nicolae_square_shop, cheibrodos_sewer_entry_drain
D:4:      layout_loops_corners, grunt_temple_overflow_forces_of_nature,
          mainiacjoe_overflow_brackets, nicolae_sif_muna_little_library,
          uniq_ijyb
D:5:      layout_basic, lemuel_doored_altar, serial_shops, shop
D:6:      wander_river, layout_rooms, minmay_temple_entry_sparse_star,
          ebering_ghost_sewer_d, kennysheep_big_empty_room,
          chequers_serial_rivers_small_a, dk_noncrumbling_2,
          minmay_fractal_squares_gapless_5, uniq_blork_the_orc
D:7:      layout_cave_pods, nemelex_dance_club_becter,
          mainiacjoe_overflow_surrounded_room
D:8:      layout_loops_ring, yredelemnul_forgotten_temple_becter, uniq_maggie,
          uniq_joseph, uniq_grum, uniq_erica
Temple:   nicolae_temple_ecumenical_triangle

Skill      XL: |  1  2  3  4  5  6  7  8  9 10 |
---------------+-------------------------------+-----
Fire Magic     | 3 4 5 7 8 |  8.2
Dodging        | 2 3 4 5 |  5.5
Spellcasting   | 3 4 5 7 9 |  9.3
Conjurations   | 2 3 4 |  4.3
Hexes          | 1 |  1.0
Evocations     | 1 |  1.3
Fighting       | 1 |  1.1
Maces & Flails | 1 2 |  2.0
Armour         | 1 2 |  2.3
Polearms       | |  0.7
Stealth        | |  1.7

Action                     |  1- 3 |  4- 6 |  7- 9 | 10-12 || total
---------------------------+-------+-------+-------+-------++-------
  Melee: Unarmed           |     2 |       |       |       ||     2
         Spear             |    23 |    16 |       |       ||    39
         Kick              |     3 |     4 |       |       ||     7
         Morningstar       |       |     8 |     3 |     5 ||    16
         Punch             |       |       |       |     1 ||     1
   Cast: Foxfire           |    54 |    76 |    72 |       ||   202
         Scorch            |     8 |    35 |    39 |    17 ||    99
         Volatile Blastmot |       |     3 |    20 |     9 ||    32
         Inner Flame       |       |       |     1 |       ||     1
         Poisonous Vapours |       |       |     3 |     1 ||     4
  Evoke: Wand              |       |       |    10 |     8 ||    18
    Use: Scroll            |     5 |     1 |     3 |     1 ||    10
         Potion            |       |     1 |     7 |     4 ||    12
   Stab: Sleeping          |     1 |     1 |       |       ||     2
 Armour: Robe              |    19 |    10 |     6 |     2 ||    37
         Skin              |       |       |       |     1 ||     1
  Dodge: Dodged            |    73 |    71 |    41 |    22 ||   207
